Map: Néo-Gettysburg EC

Players

ChimpyMcGibn

  • Race: Terran Terran
  • League: Diamond
  • Spawn Location: 7:00

zidar - Winner!

  • Race: Zerg Zerg
  • League: Platinum
  • Spawn Location: 5:00

VOD

Have the link to the VOD?

Description

Time

  • Played on: Nov. 2, 2016, 5:33 a.m.
  • Length: 7:48
Show
View Real Time Build Order
Export as new Build Order

ChimpyMcGibn Terran 

Build Orders: Hellion Banshee 

Get SALT Encoding   

  12  0:01  SCV  
  14  0:14  SCV  
  14  0:19  Supply Depot  
  14  0:26  SCV  
  15  0:33  Refinery  
  15  0:40  SCV  
  16  0:46  Barracks  
  16  0:54  SCV  
  17  1:06  SCV  
  18  1:18  SCV  
  19  1:30  SCV  
  20  1:41  Marine  
  20  1:45  Factory  
  21  1:47  Orbital Command  
  21  1:56  Supply Depot  
  21  2:09  Barracks Reactor  
  21  2:13  SCV  
  22  2:26  Command Center  
  22  2:27  SCV  
  23  2:38  Starport  
  23  2:42  SCV  
  24  2:45  Refinery  
  24  2:56  SCV  
  24  2:57  Barracks Tech Lab  
  25  3:00  Hellion  
  25  3:01  Hellion  
  29  3:08  SCV  
  30  3:20  SCV  
  31  3:27  Supply Depot  
  31  3:32  SCV, Hellion x2  
  36  3:37  Banshee  
  39  3:44  Cloaking Field  
  39  3:51  SCV  
  39  3:55  Hellion  
  42  4:00  Hellion  
  44  4:14  Orbital Command  
  44  4:16  SCV  
  45  4:20  Banshee  
  46  4:39  SCV  
  47  4:49  Engineering Bay  
  47  4:52  SCV  
  48  4:53  Supply Depot, Engineering Bay  
  48  4:54  Supply Depot  
  48  4:59  SCV  
  49  5:01  Marine  
  49  5:04  SCV  
  51  5:16  Marine  
  51  5:18  Factory Tech Lab  
  51  5:19  Marine  
  53  5:21  Terran Infantry Weapons Level 1, Terran Infantry Armor Level 1  
  42  5:38  Siege Tank  
  43  5:43  Barracks x2, SCV x2  
  43  5:45  Barracks  
  45  5:51  Supply Depot  
  45  5:55  SCV x2  
  47  5:58  Marine x2  
  49  6:07  SCV  
  49  6:08  SCV  
  49  6:10  Starport Reactor  
  51  6:25  SCV x2  
  53  6:31  Command Center  
  53  6:33  Barracks Reactor x2  
  53  6:36  Siege Tank  
  53  6:37  Marine x2, SCV  
  59  6:53  Medivac x2  
  63  6:55  Marine x2  
  63  7:00  Refinery, SCV x2  
  67  7:12  SCV x2  
  69  7:22  Marine x5  
  72  7:23  Marine x2  
  81  7:37  Barracks x3  
Show
View Real Time Build Order
Export as new Build Order

zidar Zerg - Winner!

Build Orders: Hatch First 

Get SALT Encoding   

  12  0:01  Drone  
  13  0:13  Overlord  
  13  0:18  Drone  
  14  0:31  Drone x2  
  16  0:53  Hatchery  
  16  0:56  Drone  
  16  1:01  Drone  
  17  1:05  Extractor  
  15  1:34  Spawning Pool  
  15  1:36  Drone x2  
  15  1:37  Drone  
  17  1:49  Drone  
  18  2:15  Overlord  
  18  2:21  Metabolic Boost  
  18  2:24  Queen x2  
  18  2:26  Zergling x4  
  18  2:28  Zergling x2  
  25  2:37  Drone x2  
  25  2:39  Drone  
  25  2:42  Drone  
  29  2:55  Roach Warren  
  28  3:07  Extractor  
  28  3:08  Drone x4  
  31  3:22  Overlord  
  31  3:24  Drone x3  
  34  3:33  Drone  
  35  3:35  Drone  
  36  3:46  Roach x2  
  36  3:47  Roach x2  
  44  3:56  Overlord x2  
  44  4:17  Roach  
  44  4:18  Roach x3  
  44  4:21  Overlord  
  52  4:38  Overlord x2  
  50  4:39  Overlord  
  50  4:43  Roach  
  50  4:44  Roach x2  
  56  4:52  Extractor  
  55  4:54  Ravager  
  55  4:55  Ravager x2  
  58  5:00  Roach x4  
  58  5:05  Lair  
  66  5:08  Drone  
  66  5:10  Drone  
  66  5:12  Drone  
  55  5:43  Spore Crawler  
  55  5:47  Spore Crawler  
  53  5:55  Drone x5  
  53  5:56  Drone x4  
  62  6:04  Glial Reconstitution  
  59  6:32  Ravager x3  
  63  6:33  Ravager  
  63  6:36  Roach  
  63  6:37  Roach x2  
  63  6:38  Zergling x6  
  72  6:48  Drone x4  
Tags
 
Add a new tag
Caveats
  • Supply blocks, unpowered buildings, or Contaminate may cause inaccurate times.
  • Supply counts are checked every 10 seconds.